 Dungeon Crawl Stone Soup version 0.22-a0-303-g4a852b3 (webtiles) character file.

128268 galech the Severer (level 16, -12/152 HPs)
             Began as a Minotaur Fighter on Mar 27, 2018.
             Was the Champion of Okawaru.
             Mangled by a deep troll (29 damage)
             ... on level 1 of the Depths.
             The game lasted 01:09:09 (23585 turns).

galech the Severer (Minotaur Fighter)              Turns: 23585, Time: 01:09:09

Health: -12/152    AC: 35    Str: 27    XL:     16   Next: 48%
Magic:  15/17      EV: 18    Int:  5    God:    Okawaru [******]
Gold:   1141       SH: 30    Dex: 16    Spells: 15/15 levels left

rFire    x . .     SeeInvis +   s - +12 hand axe of the Exiled Ghosts {vamp, +Rage rN+}
rCold    + . .     Gourm    +   e - +5 large shield "Usaore Zura" {Str+2}
rNeg     + . .     Faith    .   Z - +10 plate armour of Misanthropy {rCorr SInv}
rPois    .         Spirit   .   (helmet unavailable)
rElec    .         Reflect  .   H - +1 cloak {MR+}
rCorr    +         Harm     .   c - +2 pair of gloves {Str+3}
MR       ++...                  (no boots)
Stlth    ..........             L - amulet of the gourmand
HPRegen  0.75/turn              z - +5 ring of evasion
MPRegen  0.15/turn              y - ring of ice

@: heroism
A: retaliatory headbutt, horns 3, regeneration 1, subdued magic 1
a: Heroism, Finesse, Renounce Religion, Evoke Berserk Rage


You were on level 1 of the Depths.
You worshipped Okawaru.
Okawaru was exalted by your worship.
You were completely stuffed.

You visited 4 branches of the dungeon, and saw 24 of its levels.
You visited 1 bazaar.
You also visited: Labyrinth and Ice Cave.

You collected 2063 gold pieces.
You spent 922 gold pieces at shops.

Inventory:

Hand Weapons
 s - the +12 hand axe of the Exiled Ghosts (weapon) {vamp, +Rage rN+}
   (You found it on level 4 of the Dungeon)

   It inflicts no extra harm, but heals its wielder when it wounds a living foe.
   It protects you from negative energy.
   It lets you go berserk.
 J - a +4 battleaxe
Armour
 c - a +2 pair of gloves of strength (worn)
 e - the +5 large shield "Usaore Zura" (worn) {Str+2}
   (Okawaru gifted it to you on level 14 of the Dungeon)

   It affects your strength (+2).
 u - a +0 plate armour of poison resistance
 D - a +2 scale mail of cold resistance
 H - a +1 cloak of magic resistance (worn)
 T - a +1 robe of positive energy
 Y - +0 fire dragon scales
 Z - the +10 plate armour of Misanthropy (worn) {rCorr SInv}
   (You found it in a labyrinth)

   It lets you see invisible.
   It protects you from acid and corrosion.
Jewellery
 a - a cursed ring of teleportation {unknown}
 b - an uncursed ring of flight
 g - an uncursed ring of fire
 w - an uncursed ring of stealth
 y - a ring of ice (right hand)
 z - a +5 ring of evasion (left hand)
 G - an uncursed ring of see invisible {unknown}
 I - an uncursed ring of positive energy
 L - an amulet of the gourmand (around neck)
 O - a +3 ring of evasion
 Q - an uncursed amulet of magic regeneration {unknown}
 R - an uncursed ring of fire
 S - an uncursed amulet of the acrobat {unknown}
 V - an uncursed ring of poison resistance {unknown}
 X - an uncursed amulet of faith
Wands
 F - a wand of clouds (4)
 M - a wand of polymorph (21)
 N - a wand of iceblast (10)
Scrolls
 n - 6 scrolls of remove curse
 r - 6 scrolls of vulnerability
 t - 5 scrolls of enchant armour {unknown}
 v - 6 scrolls of teleportation
 x - 2 scrolls of magic mapping
 B - 3 scrolls of immolation {unknown}
 C - 3 scrolls of fog
 E - 3 scrolls of fear
 P - a scroll of acquirement
 W - 4 scrolls of enchant weapon
Potions
 d - 4 potions of might
 h - 4 potions of flight
 i - 3 potions of brilliance
 j - 6 potions of agility
 k - 2 potions of berserk rage
 l - 3 potions of haste
 m - 6 potions of resistance
 o - 3 potions of magic
 p - 15 potions of curing
 q - 3 potions of lignification
 A - 13 potions of heal wounds
 K - a potion of cancellation
Comestibles
 f - 45 rations
 U - 6 chunks of flesh


   Skills:
 + Level 16.4(21.4) Fighting
 + Level 18.9(23.9) Axes
 + Level 15.1(20.1) Armour
 + Level 4.1(9.1) Dodging
 + Level 3.0(8.0) Stealth
 + Level 17.2(22.2) Shields
 + Level 2.3 Invocations
 + Level 3.0 Evocations


You had 15 spell levels left.
You didn't know any spells.

Dungeon Overview and Level Annotations

Branches:
Dungeon (15/15)            Temple (0/1) D:5            Lair (6/6) D:9
 Shoals (0/4) Lair:4       Spider (0/4) Lair:4        Slime (0/5) Lair:6
    Orc (2/2) D:12            Elf (0/3) Orc:2        Vaults (0/5) D:14
 Depths (1/5) D:15

Altars:
Fedhas
Gozag
Hepliaklqana
Makhleb
Okawaru
Sif Muna
Uskayaw
Vehumet
Wu Jian
Yredelemnul
The Shining One

Shops:
D:4 ?   D:8 (   Orc:2 !:%


Innate Abilities, Weirdness & Mutations

You reflexively headbutt those who attack you in melee.
You have a pair of large horns on your head.
Your natural rate of healing is unusually fast.
Your spells are a little easier to cast, but a little less powerful.


Message History

You feel better.
You hit the deep troll but do no damage. x2
You block the deep troll's attack. The deep troll misses you.
You block the deep troll's attack. The deep troll misses you.
You furiously retaliate!
You headbutt the deep troll. You block the deep troll's attack.
The deep troll misses you. The iron troll bites you!!
The iron troll closely misses you. x2
You block the deep troll's attack.
The deep troll claws you but does no damage.
The deep troll closely misses you.
You are too injured to fight recklessly!
You gain the combat prowess of a mighty hero.
The deep troll bites you! You block the deep troll's attack. x2
The deep troll bites you. The deep troll completely misses you.
You block the deep troll's attack. The iron troll bites you!
* * * LOW HITPOINT WARNING * * *
The iron troll completely misses you. The iron troll claws you!!
* * * LOW HITPOINT WARNING * * *
The deep troll bites you!!
You die...

#........# #......#
#........######......#
+........##..........#
#.......('.>##.......#
#........#####.......#
#........# #.......#
###+###### #.##..###
##T##.# #DT@T.#
#.T[### #.... #'####
... '.... ##...$.
#....T. #.T.u...


You could see a fire dragon, an iron troll and 3 deep trolls.

Vanquished Creatures
  Rupert (D:12)
  A fire giant (D:12)
  3 very ugly things (Depths:1)
  A stone giant (Depths:1)
  Nessos (D:13)
  A minotaur (Lab)
  A rakshasa (D:15)
  A fire dragon (Depths:1)
  Harold (D:12)
  7 hydras
  5 centaur warriors
  4 catoblepae (Lair:6)
  2 dancing weapons (D:14)
  2 deep troll earth magi
  3 ogre magi (Orc:2)
  2 tengu warriors (D:13)
  A queen ant (Lair:2)
  18 two-headed ogres
  13 death yaks
  3 deep troll shamans (Depths:1)
  An orc high priest (Orc:2)
  The ghost of medis the Slicer, a novice HaSk of Ashenzari (D:9)
  5 skeletal warriors (D:15)
  2 unseen horrors
  2 glowing orange brains
  A flayed ghost (D:12)
  4 deep trolls (Depths:1)
  A phantasmal warrior (D:12)
  A lindwurm (Lair:6)
  3 deep elf magi
  A necromancer (IceCv)
  13 ugly things
  5 manticores
  A cyclops (D:7)
  A salamander (shapeshifter) (D:15)
  A water nymph (shapeshifter) (D:15)
  3 merfolk sirens (Lair:4)
  5 elephants (Lair:5)
  5 black mambas
  2 gargoyles
  4 spiny frogs
  A torpor snail (Lair:4)
  2 ice statues (IceCv)
  A kobold demonologist (D:11)
  7 komodo dragons
  12 ice devils (IceCv)
  A merfolk (Lair:4)
  A troll (shapeshifter) (D:15)
  8 trolls
  7 polar bears (D:10)
  12 slime creatures
  A hornet (D:14)
  7 hippogriffs
  Grinder (D:5)
  12 blink frogs
  5 dream sheep
  A hippogriff (shapeshifter) (D:15)
  Sigmund (D:2)
  3 redbacks (Lair:4)
  A spriggan (D:8)
  2 centaur simulacra (D:14)
  A shadow (D:14)
  A wraith (D:11)
  A tarantella (shapeshifter) (Depths:1)
  2 wyverns
  Eustachio (D:5)
  87 yaks
  3 basilisks
  2 hogs (D:10)
  4 hungry ghosts
  6 vampire mosquitoes
  Edmund (D:5)
  21 soldier ants
  2 acid dragons
  12 water moccasins
  Duvessa (D:5)
  5 porcupines
  2 hornet zombies
  12 orc warriors
  3 sky beasts
  3 black bears
  12 ice beasts
  A phantom (D:7)
  32 ogres
  12 wolves
  The ghost of Nib the Chopper, an amateur DsGl (D:3)
  15 centaurs
  2 necrophages
  7 crocodiles
  3 big kobolds (D:7)
  16 bullfrogs
  2 wyvern zombies
  3 scorpions
  A wyvern skeleton (D:11)
  Dowan (D:5)
  A water moccasin skeleton (D:6)
  6 wights
  7 killer bees
  2 howler monkeys
  11 crimson imps
  A lava snake (D:11)
  A bullfrog zombie (D:5)
  5 centaur zombies
  4 draconian simulacra (IceCv)
  A quasit (D:10)
  4 hounds
  11 orc priests
  4 bullfrog skeletons
  5 centaur skeletons
  3 jellies
  17 orc wizards
  12 hell rats (Lair:4)
  3 iguanas
  31 worker ants
  A spriggan simulacrum (IceCv)
  3 troll simulacra (IceCv)
  A howler monkey skeleton (D:9)
  2 worker ant zombies (D:9)
  8 adders
  2 naga simulacra (IceCv)
  8 gnolls
  6 shadow imps
  2 oozes (D:2)
  An adder zombie (D:8)
  An adder skeleton (D:8)
  4 worms
  A dart slug (D:1)
  2 leopard geckos
  74 orcs
  3 giant cockroaches
  7 goblins
  12 hobgoblins
  9 jackals
  2 quokkas
  A ball python (D:3)
  7 bats
  8 frilled lizards
  10 kobolds
  7 rats
  A fungus (Lair:3)
  2 plants
811 creatures vanquished.

Vanquished Creatures (others)
  A fungus (D:15)
  2 plants (Lair:6)
3 creatures vanquished.

Grand Total: 814 creatures vanquished

Notes
Turn   | Place    | Note
-------+----------+-------------------------------------------
     0 | D:1      | galech the Minotaur Fighter began the quest for the Orb.
     0 | D:1      | Reached XP level 1. HP: 19/19 MP: 0/0
    94 | D:1      | You fall through a shaft!
   102 | D:2      | Reached XP level 2. HP: 22/27 MP: 1/1
   275 | D:1      | Reached skill level 3 in Axes
   300 | D:1      | Reached XP level 3. HP: 29/33 MP: 2/2
   783 | D:2      | Noticed Sigmund
   796 | D:2      | Killed Sigmund
   796 | D:2      | Reached skill level 5 in Axes
   796 | D:2      | Reached XP level 4. HP: 11/41 MP: 3/3
   796 | D:2      | Reached XP level 5. HP: 13/47 MP: 4/4
  1371 | D:3      | Reached XP level 6. HP: 53/53 MP: 5/5
  1412 | D:3      | Noticed Nib's ghost (amateur DsGl)
  2452 | D:4      | Reached skill level 1 in Dodging
  2461 | D:4      | Reached skill level 5 in Shields
  2589 | D:4      | Got a steaming hand axe
  2633 | D:4      | Reached skill level 5 in Armour
  2828 | D:4      | Found Womaqam's Magic Scroll Shoppe.
  2898 | D:4      | Found an iron altar of Okawaru.
  2905 | D:4      | Became a worshipper of Warmaster Okawaru
  3001 | D:4      | Bought a scroll of magic mapping for 49 gold pieces
  3001 | D:4      | Bought a scroll of identify for 28 gold pieces
  3001 | D:4      | Bought a scroll of identify for 28 gold pieces
  3001 | D:4      | Bought a scroll of identify for 28 gold pieces
  3004 | D:4      | Gained mutation: You have a pair of large horns on your head. [potion of mutation]
  3004 | D:4      | Gained mutation: Your spells are a little easier to cast, but a little less powerful. [potion of mutation]
  3004 | D:4      | Gained mutation: Your natural rate of healing is unusually fast. [potion of mutation]
  3121 | D:5      | Entered Level 5 of the Dungeon
  3131 | D:5      | Reached skill level 6 in Axes
  3273 | D:5      | Reached XP level 7. HP: 44/60 MP: 6/6
  3344 | D:5      | Noticed Edmund
  3463 | D:5      | Found a staircase to the Ecumenical Temple.
  3495 | D:5      | Noticed Grinder
  3495 | D:5      | Paralysed by Grinder for 4 turns
  3511 | D:5      | Paralysed by Grinder for 7 turns
  3523 | D:5      | Killed Grinder
  3523 | D:5      | Reached skill level 5 in Fighting
  3523 | D:5      | Reached skill level 7 in Axes
  3594 | D:5      | Noticed Dowan
  3601 | D:5      | Noticed Duvessa
  3627 | D:5      | Killed Dowan
  3627 | D:5      | Reached * piety under Okawaru
  3627 | D:5      | Killed Duvessa
  3805 | D:5      | Noticed Eustachio
  3805 | D:5      | Reached skill level 8 in Axes
  3805 | D:5      | Reached XP level 8. HP: 68/68 MP: 7/7
  3827 | D:5      | Killed Eustachio
  4182 | D:5      | Killed Edmund
  4182 | D:5      | Reached skill level 9 in Axes
  4879 | D:3      | Killed Nib's ghost
  4939 | D:4      | Bought a scroll of identify for 28 gold pieces
  4939 | D:4      | Bought a scroll of magic mapping for 49 gold pieces
  5025 | D:6      | Found a glowing golden altar of the Shining One.
  5026 | D:6      | Found an ornate altar of the Wu Jian Council.
  5029 | D:6      | Found a deep blue altar of Sif Muna.
  5030 | D:6      | Found a basalt altar of Yredelemnul.
  5092 | D:6      | Found an opulent altar of Gozag.
  5391 | D:6      | Found a hazy altar of Hepliaklqana.
  5696 | D:6      | Reached skill level 10 in Axes
  5798 | D:6      | Reached ** piety under Okawaru
  5841 | D:7      | Reached XP level 9. HP: 73/78 MP: 8/8
  5878 | D:7      | Found a hide-covered altar of Uskayaw.
  6168 | D:7      | Noticed a cyclops
  6209 | D:7      | Killed a cyclops
  6209 | D:7      | Reached *** piety under Okawaru
  6209 | D:7      | Reached skill level 11 in Axes
  6686 | D:8      | Reached XP level 10. HP: 86/88 MP: 9/9
  6852 | D:8      | Found Cytaifask's Weapon Boutique.
  6866 | D:8      | Bought a +2 war axe of chopping for 223 gold pieces
  6966 | D:8      | Reached **** piety under Okawaru
  6991 | D:8      | Reached skill level 12 in Axes
  7393 | D:9      | Noticed a death yak
  7432 | D:9      | Noticed a death yak
  7434 | D:9      | Noticed a death yak
  7439 | D:9      | Killed a death yak
  7455 | D:9      | Killed a death yak
  7455 | D:9      | Reached ***** piety under Okawaru
  7455 | D:9      | Reached skill level 1 in Stealth
  7458 | D:9      | Killed a death yak
  7458 | D:9      | Reached skill level 13 in Axes
  7545 | D:9      | Found a staircase to the Lair.
  7660 | D:9      | Reached XP level 11. HP: 97/97 MP: 10/10
  7794 | D:9      | Noticed a two-headed ogre
  7802 | D:9      | Killed a two-headed ogre
  7802 | D:9      | Received a gift from Okawaru
  7831 | D:9      | Noticed a two-headed ogre
  7839 | D:9      | Killed a two-headed ogre
  7839 | D:9      | Reached skill level 1 in Invocations
  7850 | D:9      | Noticed a two-headed ogre
  7859 | D:9      | Killed a two-headed ogre
  7859 | D:9      | Reached skill level 10 in Shields
  7895 | D:9      | Noticed medis's ghost (novice HaSk)
  7908 | D:9      | Reached skill level 14 in Axes
  7913 | D:9      | Killed medis's ghost
  7934 | D:9      | Identified the +12 hand axe of the Exiled Ghosts {vamp, +Rage rN+} (You found it on level 4 of the Dungeon)
  8034 | D:9      | Got a scorched buckler
  8045 | D:9      | Identified the +6 buckler of Calculation {Dex+4} (You found it on level 9 of the Dungeon)
  8186 | D:9      | Found a radiant altar of Vehumet.
  8187 | D:9      | Found a burning altar of Makhleb.
  8228 | D:10     | Entered Level 10 of the Dungeon
  8590 | D:10     | Noticed a two-headed ogre
  8595 | D:10     | Killed a two-headed ogre
  8672 | D:10     | Found a huge runed gate.
  8672 | D:10     | Found a huge runed gate.
  8672 | D:10     | Found a huge runed gate.
  8673 | D:10     | Found a huge runed gate.
  8701 | D:10     | Reached skill level 10 in Fighting
  8728 | D:10     | Received a gift from Okawaru
  8732 | D:10     | Reached skill level 15 in Axes
  8737 | D:10     | Reached skill level 10 in Armour
  8754 | D:10     | Reached XP level 12. HP: 106/106 MP: 11/11
  9060 | D:11     | Reached ****** piety under Okawaru
  9755 | D:12     | Noticed Rupert
  9757 | D:12     | Found a labyrinth entrance.
  9758 | D:12     | Paralysed by Rupert for 7 turns
  9776 | D:12     | Killed Rupert
  9776 | D:12     | Received a gift from Okawaru
  9781 | D:12     | Got an ebony war axe {god gift}
  9820 | D:12     | Found a flickering gateway to a bazaar.
  9841 | Bazaar   | Entered a bazaar
  9841 | Bazaar   | Found Piuhepp's Weapon Shoppe.
  9841 | Bazaar   | Found Yrutah's General Store.
  9871 | Bazaar   | Found Ysam Neth's Assorted Antiques.
  9881 | Bazaar   | Found Nanamap's Armour Boutique.
  9891 | Bazaar   | Found Vumpa's Weapon Shoppe.
  9935 | Bazaar   | Bought 2 potions of heal wounds for 120 gold pieces
  9935 | Bazaar   | Bought a scroll of identify for 24 gold pieces
  9935 | Bazaar   | Bought a scroll of enchant weapon for 90 gold pieces
  9935 | Bazaar   | Bought a scroll of magic mapping for 42 gold pieces
  9935 | Bazaar   | Bought a scroll of identify for 24 gold pieces
  9935 | Bazaar   | Bought a scroll of identify for 24 gold pieces
  9987 | Lab      | Entered a labyrinth
  9989 | Lab      | Identified a scroll of acquirement
  9990 | Lab      | Identified the +3 war axe of Otalycu {antimagic, MR++ SInv} (Okawaru gifted it to you on level 12 of the Dungeon)
 13580 | Lab      | Noticed a minotaur
 13590 | Lab      | Killed a minotaur
 13593 | Lab      | Got a fine plate armour
 13607 | Lab      | Got an ancient quarterstaff
 13620 | D:12     | Identified the +10 plate armour of Misanthropy {rCorr SInv} (You found it in a labyrinth)
 13714 | D:12     | Reached skill level 1 in Evocations
 13742 | D:12     | Found a staircase to the Orcish Mines.
 13780 | D:12     | Noticed Harold
 13796 | D:12     | Killed Harold
 13796 | D:12     | Received a gift from Okawaru
 13900 | D:12     | Reached XP level 13. HP: 116/116 MP: 13/13
 14158 | D:12     | Found a runed door.
 14158 | D:12     | Noticed a fire giant
 14251 | D:12     | Killed a fire giant
 14530 | D:13     | Noticed Nessos
 14543 | D:13     | Killed Nessos
 14646 | D:13     | Reached skill level 16 in Axes
 14691 | D:13     | Received a gift from Okawaru
 14922 | D:13     | Got an encrusted scale mail
 14933 | D:13     | Identified the cursed +1 scale mail of Life {Regen+ Str+3} (You found it on level 13 of the Dungeon)
 15218 | Orc:1    | Entered Level 1 of the Orcish Mines
 15246 | Orc:1    | Received a gift from Okawaru
 15309 | Orc:1    | Found a frozen archway.
 15338 | IceCv    | Entered an ice cave
 15925 | Orc:1    | Received a gift from Okawaru
 16146 | Orc:2    | Entered Level 2 of the Orcish Mines
 16215 | Orc:2    | Reached XP level 14. HP: 127/127 MP: 15/15
 16335 | Orc:2    | Found a staircase to the Elven Halls.
 16523 | Orc:2    | Paralysed by an ogre mage for 3 turns
 16536 | Orc:2    | Paralysed by an ogre mage for 3 turns
 16541 | Orc:2    | Received a gift from Okawaru
 16550 | Orc:2    | Reached skill level 17 in Axes
 16552 | Orc:2    | Got a twisted robe {god gift}
 16587 | Orc:2    | Found Dot Nohuhei's Food Shop.
 16587 | Orc:2    | Found Jiynimaede's General Store.
 16588 | Orc:2    | Found Curcheiwul's Book Emporium.
 16588 | Orc:2    | Found Sewa Deu's Distillery.
 16657 | Orc:2    | Bought 2 potions of heal wounds for 110 gold pieces
 16657 | Orc:2    | Bought a potion of heal wounds for 55 gold pieces
 16974 | Lair:1   | Entered Level 1 of the Lair of Beasts
 17482 | Lair:1   | Identified the +1 robe of the Hidden Vale {Str+4} (Okawaru gifted it to you on level 2 of the Orcish Mines)
 18532 | Lair:3   | Reached skill level 15 in Shields
 18701 | Lair:3   | Received a gift from Okawaru
 19120 | Lair:4   | Found a staircase to the Shoals.
 19131 | Lair:4   | Reached XP level 15. HP: 134/138 MP: 16/16
 19177 | Lair:4   | Found a hole to the Spider Nest.
 19476 | Lair:4   | Reached skill level 18 in Axes
 20156 | Lair:5   | Received a gift from Okawaru
 20447 | Lair:6   | Entered Level 6 of the Lair of Beasts
 20527 | Lair:6   | Found a staircase to the Slime Pits.
 20629 | Lair:6   | Got a translucent helmet
 20726 | Lair:6   | Reached skill level 15 in Fighting
 21838 | D:14     | Found a gate to the Vaults.
 21899 | D:14     | Identified the +2 helmet "Gyutyg" {rCorr Int+4 Dex-5} (You found it on level 6 of the Lair of Beasts)
 22171 | D:14     | Received a gift from Okawaru
 22174 | D:14     | Got a twisted large shield {god gift}
 22185 | D:14     | Identified the +5 large shield "Usaore Zura" {Str+2} (Okawaru gifted it to you on level 14 of the Dungeon)
 22579 | D:15     | Entered Level 15 of the Dungeon
 22746 | D:15     | Reached XP level 16. HP: 151/151 MP: 17/17
 22785 | D:15     | Found a staircase to the Depths.
 22857 | D:15     | Reached skill level 15 in Armour
 22927 | D:15     | Found a blossoming altar of Fedhas.
 23445 | Depths:1 | Entered Level 1 of the Depths
 23561 | Depths:1 | Received a gift from Okawaru
 23585 | Depths:1 | Mangled by a deep troll

Vault maps used:
D:1:      dpeg_arrival_ternary
D:2:      serial_park_tiny_2, minmay_domino_2, uniq_sigmund
D:3:      minmay_misc_feat_cross
D:4:      okawaru_metal_pillars_1_2, serial_shops, nicolae_shop_waterfront,
          first_ration
D:5:      minmay_temple_entry_statues, guppyfry_early_orc_mine, uniq_grinder,
          uniq_eustachio, uniq_edmund, uniq_duvessa
D:6:      nicolae_gozag_cash_rules_everything_around_me,
          lemuel_coloured_pillars_altar, grunt_temple_overflow_open
D:7:      minmay_the_grid_triangle_9x9_rhombus_thin,
          eat_drink_and_be_merry_uskayaw
D:8:      serial_shops, shop, the_bakery
D:9:      grunt_temple_overflow_lords_of_destruction, dpeg_lair_monsters
D:10:     lemuel_bear_cage, kennysheep_generic_room_10
D:11:     kennysheep_crisscross, solitary_fountain
D:12:     orc_0_dummy, lab_entry_generic, serial_shops, bzr_in_the_mist,
          minmay_misc_feat_secret_circle, minmay_hidden_floor, uniq_harold,
          uniq_rupert
D:13:     uniq_nessos
D:14:     erik_vaults_1, grunt_decor_cap, kennysheep_kite_vault
D:15:     gammafunk_enter_depths_forms, fedhas_altar_3
Lair:2:   minivault_29
Lair:4:   elwin_shoals_entry_stream, spider_nest_entry_webs,
          nicolae_lair_grove_arrangements
Lair:6:   evilmike_catoblepas_cave, dpeg_slime_entry_corner
Orc:1:    portal_ice_cave_entry_ice_beasts
Orc:2:    st_orc_ogre_mass
Depths:1: serial_glass, glass_columns_a, glass_columns_a, due_unseen_surprise,
          hangedman_tar_grid_catacomb, grunt_pan_entry_zigzag,
          minmay_misc_feat_doors, kennysheep_treasure_room
Bazaar:   bazaar_kb_twisted_cavern
IceCv:    ice_cave_tombish

Skill      XL: |  1  2  3  4  5  6  7  8  9 10 11 12 13 14 15 16 |
---------------+-------------------------------------------------+-----
Fighting       | 4 5 6 8 9 10 11 12 14 15 16 | 16.4
Shields        | 4 5 6 7 9 10 12 13 15 16 17 | 17.2
Axes           | 3 5 6 8 10 11 13 15 16 17 18 | 18.9
Armour         | 4 5 6 8 9 10 12 13 14 15 | 15.1
Dodging        | 1 2 3 4 |  4.1
Stealth        | 1 2 3 |  3.0
Invocations    | 1 2 |  2.3
Evocations     | 2 3 |  3.0

Action                   |  1- 3 |  4- 6 |  7- 9 | 10-12 | 13-15 | 16-18 || total
-------------------------+-------+-------+-------+-------+-------+-------++-------
Melee: War axe           |    84 |   150 |   269 |   228 |       |       ||   731
       Headbutt          |     9 |    15 |    54 |   133 |   418 |    82 ||   711
       Hand axe          |       |       |       |   285 |  1276 |   209 ||  1770
Invok: Heroism           |       |       |     3 |     7 |    10 |     2 ||    22
Evoke: Wand              |       |       |       |    22 |     1 |       ||    23
  Use: Scroll            |       |    10 |    10 |     5 |    11 |       ||    36
       Potion            |       |     1 |       |       |     1 |       ||     2
 Stab: Petrified         |       |       |       |       |     5 |       ||     5
  Eat: Chunk             |       |     8 |    12 |    33 |    28 |     4 ||    85
       Ration            |       |       |     1 |     3 |       |       ||     4
Armor: Chain mail        |    42 |    93 |    23 |       |       |       ||   158
       Scale mail        |     1 |       |       |       |       |       ||     1
       Plate armour      |       |       |    86 |   120 |   371 |    54 ||   631
Dodge: Dodged            |    15 |    24 |    54 |   153 |   458 |    76 ||   780
Block: Shield            |    39 |    88 |   110 |   141 |       |       ||   378
       Buckler           |       |       |       |   140 |   582 |       ||   722
       Large shield      |       |       |       |       |    75 |   193 ||   268

Table legend:
 A = Spawn XP
 B = Non-spawn XP
 C = Spawn XP percentage of total XP
 D = Spawn monster count
 E = Non-spawn monster count
 F = Spawn count percentage of total count
 G = Total turns spent on level
                    A         B        C        D         E        F      G
               +---------+---------+-------+---------+---------+-------+---------
         Total |       0 |  183241 |   0.0 |       0 |     808 |   0.0 | 23585
               +---------+---------+-------+---------+---------+-------+---------
           D:1 |       0 |      36 |   0.0 |       0 |      20 |   0.0 |   536
           D:2 |       0 |     297 |   0.0 |       0 |      23 |   0.0 |  1375
           D:3 |       0 |     233 |   0.0 |       0 |      23 |   0.0 |   878
           D:4 |       0 |     169 |   0.0 |       0 |      16 |   0.0 |   890
           D:5 |       0 |    1515 |   0.0 |       0 |      30 |   0.0 |  1328
           D:6 |       0 |     478 |   0.0 |       0 |      10 |   0.0 |   818
           D:7 |       0 |    2572 |   0.0 |       0 |      29 |   0.0 |   828
           D:8 |       0 |    2112 |   0.0 |       0 |      46 |   0.0 |   655
           D:9 |       0 |    8477 |   0.0 |       0 |      38 |   0.0 |   972
          D:10 |       0 |    7795 |   0.0 |       0 |      45 |   0.0 |   849
          D:11 |       0 |    5577 |   0.0 |       0 |      29 |   0.0 |   733
          D:12 |       0 |   14229 |   0.0 |       0 |      32 |   0.0 |  1083
          D:13 |       0 |   10499 |   0.0 |       0 |      35 |   0.0 |   731
          D:14 |       0 |   11902 |   0.0 |       0 |      46 |   0.0 |   866
          D:15 |       0 |   16283 |   0.0 |       0 |      33 |   0.0 |   866
        Lair:1 |       0 |    2243 |   0.0 |       0 |       7 |   0.0 |   925
        Lair:2 |       0 |    7084 |   0.0 |       0 |      55 |   0.0 |   647
        Lair:3 |       0 |    6655 |   0.0 |       0 |      25 |   0.0 |   498
        Lair:4 |       0 |   16372 |   0.0 |       0 |      63 |   0.0 |   643
        Lair:5 |       0 |    4920 |   0.0 |       0 |      20 |   0.0 |   867
        Lair:6 |       0 |   20873 |   0.0 |       0 |      55 |   0.0 |  1071
         Orc:1 |       0 |    2972 |   0.0 |       0 |      17 |   0.0 |   396
         Orc:2 |       0 |   18291 |   0.0 |       0 |      69 |   0.0 |   722
      Depths:1 |       0 |   14455 |   0.0 |       0 |      16 |   0.0 |   140
           Lab |       0 |    1269 |   0.0 |       0 |       1 |   0.0 |  3622
         IceCv |       0 |    5933 |   0.0 |       0 |      25 |   0.0 |   535
               +---------+---------+-------+---------+---------+-------+---------
